Map: Abiogenesis LE

Players

Ascarecrow - Winner!

  • Race: Zerg Zerg
  • Spawn Location: 11:00

Yeast

  • Race: Zerg Zerg
  • Spawn Location: 5:00

VOD

Have the link to the VOD?

Description

Time

  • Played on: Jan. 25, 2018, 1:39 a.m.
  • Length: 12:23
Show
View Real Time Build Order
Export as new Build Order

Ascarecrow Zerg - Winner!

Build Orders: Pool First 

Get SALT Encoding   

  12  0:18  Spawning Pool  
  11  0:22  Drone  
  11  0:26  Drone  
  13  0:31  Drone  
  14  0:41  Overlord  
  14  1:05  Zergling x2  
  14  1:06  Zergling x4  
  17  1:17  Hatchery  
  16  1:20  Zergling x2  
  17  1:28  Zergling x2  
  18  1:36  Queen  
  20  1:42  Drone  
  21  1:50  Overlord  
  19  2:20  Drone  
  19  2:21  Drone  
  19  2:22  Queen  
  22  2:29  Drone x2  
  24  2:30  Queen  
  26  2:43  Drone x3  
  29  2:47  Spine Crawler  
  28  2:58  Queen  
  30  3:04  Drone x3  
  33  3:12  Queen  
  34  3:26  Overlord x2  
  33  3:33  Zergling x4  
  33  3:34  Zergling x2  
  36  3:42  Overlord  
  36  3:44  Queen  
  36  3:45  Extractor  
  36  3:47  Extractor  
  33  3:59  Drone x4  
  37  4:12  Drone  
  37  4:13  Drone x4  
  42  4:18  Extractor  
  42  4:20  Drone x2  
  43  4:32  Drone x4  
  47  4:44  Drone x3  
  47  4:56  Drone  
  47  4:57  Drone x4  
  47  4:59  Lair  
  52  5:01  Extractor  
  51  5:09  Roach Warren  
  51  5:12  Drone  
  51  5:13  Drone x2  
  53  5:15  Evolution Chamber  
  53  5:21  Overlord  
  52  5:22  Drone  
  52  5:24  Drone x2  
  55  5:31  Overlord x3  
  55  5:36  Drone  
  55  5:42  Zerg Missile Weapons Level 1  
  56  5:52  Drone x2  
  56  5:53  Drone  
  56  5:56  Overlord  
  59  5:57  Roach x3  
  65  6:11  Spire  
  65  6:13  Hatchery, Glial Reconstitution  
  63  6:20  Roach  
  63  6:21  Roach x2  
  69  6:27  Roach  
  69  6:28  Roach x2  
  75  6:46  Drone x7  
  82  6:47  Overseer  
  82  6:53  Roach  
  84  7:11  Roach x5  
  94  7:26  Mutalisk x5  
  94  7:29  Mutalisk  
  106  7:31  Overlord x3  
  102  8:02  Mutalisk  
  102  8:06  Roach x6  
  102  8:07  Roach x6  
  126  8:13  Drone x2  
  126  8:16  Overlord  
  126  8:17  Overlord x2  
  124  8:27  Drone x3  
  123  8:52  Drone  
  123  8:53  Drone x11  
  125  9:12  Drone x5  
  130  9:19  Extractor x2  
  130  9:21  Hydralisk Den, Zerg Missile Weapons Level 2  
  127  9:26  Evolution Chamber  
  127  9:28  Roach  
  127  9:29  Roach x5  
  138  9:37  Spine Crawler x3  
  135  9:38  Spine Crawler  
  135  9:43  Overlord x2  
  135  9:44  Hatchery, Roach x3  
  139  9:55  Roach  
  139  9:56  Roach x2  
  145  10:00  Overlord x4  
  145  10:02  Muscular Augments, Zerg Ground Armor Level 1  
  145  10:05  Ravager x7  
  152  10:07  Roach  
  152  10:34  Hydralisk x8  
  152  10:35  Hydralisk x2  
  168  11:00  Hydralisk x5  
  168  11:01  Hydralisk x3  
  176  11:17  Hydralisk x6  
  144  11:28  Hydralisk  
  144  11:29  Hydralisk x2  
  144  11:32  Drone x2  
  148  11:33  Drone x8  
  156  11:47  Hydralisk x5  
  164  12:03  Lurker Den  
  179  12:23  Extractor  
Show
View Real Time Build Order
Export as new Build Order

Yeast Zerg 

Build Orders: Pool First 

Get SALT Encoding   

  12  0:00  Drone  
  13  0:12  Overlord  
  13  0:21  Drone  
  14  0:31  Drone x2  
  14  0:35  Drone  
  17  0:54  Spawning Pool  
  17  0:55  Extractor  
  15  1:01  Drone x2  
  17  1:19  Drone  
  18  1:41  Zergling x6  
  18  1:43  Queen, Spine Crawler  
  22  1:53  Overlord  
  22  2:02  Metabolic Boost  
  21  2:10  Zergling x2  
  19  2:28  Zergling x4  
  20  2:48  Drone x2  
  22  2:54  Hatchery  
  21  2:59  Zergling x6  
  21  3:00  Zergling x2  
  25  3:10  Baneling Nest  
  24  3:17  Drone  
  25  3:26  Queen  
  27  3:27  Overlord  
  27  3:33  Zergling x2  
  28  3:40  Drone x2  
  28  3:50  Drone  
  26  3:58  Drone x3  
  28  4:07  Drone  
  28  4:08  Drone x2  
  31  4:14  Zergling x2  
  32  4:22  Zergling x2  
  33  4:29  Hatchery  
  32  4:36  Drone x3  
  35  4:42  Drone x2  
  32  4:54  Drone x5  
  36  5:03  Drone x3  
  36  5:04  Drone  
  36  5:05  Zergling x2  
  41  5:09  Zergling x4  
  43  5:21  Lair, Overlord  
  43  5:38  Extractor  
  43  5:39  Extractor  
  43  5:42  Roach Warren  
  40  5:43  Queen  
  40  5:44  Drone  
  40  5:46  Drone x5  
  40  5:47  Drone x4  
  52  5:55  Evolution Chamber  
  51  6:00  Drone x2  
  51  6:01  Drone  
  53  6:07  Overlord  
  53  6:14  Drone  
  54  6:21  Glial Reconstitution  
  54  6:23  Roach, Overlord x2  
  54  6:24  Overlord  
  56  6:27  Zerg Missile Weapons Level 1  
  56  6:33  Zergling x2  
  56  6:34  Overlord  
  57  6:50  Roach  
  57  6:51  Roach x4  
  57  6:53  Roach  
  69  6:59  Extractor, Overlord  
  68  7:08  Roach  
  68  7:09  Roach x3  
  68  7:12  Overlord  
  76  7:16  Zergling x22  
  87  7:27  Hatchery  
  86  7:34  Roach x4  
  86  7:35  Roach x3  
  99  7:46  Overlord  
  99  7:47  Overlord  
  99  7:48  Roach x2  
  99  7:49  Roach  
  101  7:52  Roach  
  101  7:53  Roach x2  
  98  8:01  Hydralisk Den  
  98  8:02  Queen  
  98  8:04  Drone x3  
  88  8:22  Spore Crawler  
  88  8:26  Overlord  
  87  8:29  Spore Crawler  
  85  8:40  Muscular Augments, Hydralisk x6  
  84  8:57  Drone  
  84  8:58  Drone x8  
  93  9:08  Hydralisk  
  93  9:09  Hydralisk  
  85  9:15  Zerg Missile Weapons Level 2  
  85  9:19  Drone x2  
  85  9:20  Drone  
  88  9:27  Extractor  
  87  9:31  Hydralisk  
  87  9:32  Hydralisk x2  
  87  9:34  Roach  
  87  9:36  Overlord  
  95  9:47  Drone x2  
  95  9:51  Hydralisk x3  
  103  10:03  Roach x2  
  103  10:04  Roach x2, Overlord x2  
  111  10:15  Overlord x2  
  111  10:22  Overlord x2  
  111  10:26  Roach x4  
  119  10:34  Roach x2  
  119  10:35  Lurker Den, Roach x3  
  128  10:40  Roach x3  
  134  10:45  Ravager  
  134  10:46  Overseer  
  135  10:52  Roach x2  
  135  10:56  Pneumatized Carapace  
  139  10:58  Roach x3  
  139  10:59  Overlord  
  143  11:18  Roach x9  
  113  11:25  Roach  
  113  11:26  Roach x2  
  98  11:40  Drone x12  
  109  11:53  Roach x2  
  109  11:54  Roach x4  
Tags
 
Add a new tag
Caveats
  • Supply blocks, unpowered buildings, or Contaminate may cause inaccurate times.
  • Supply counts are checked every 10 seconds.